 Dungeon Crawl Stone Soup version 0.20.0-7-g3b7b877 (webtiles) character file.

80 Rrauwl the Slasher (level 4, 0/29 HPs)
             Began as a Halfling Gladiator on May 29, 2017.
             Slain by Grinder (5 damage)
             ... while paralysed by Grinder
             ... on level 3 of the Dungeon.
             The game lasted 00:06:14 (2617 turns).

Rrauwl the Slasher (Halfling Gladiator)             Turns: 2617, Time: 00:06:15

Health: 0/29       AC: 13    Str: 15 (16) XL:     4   Next: 65%
Magic:  4/4        EV:  3    Int:  5 (6)  God:
Gold:   93         SH:  0    Dex: 13 (15) Spells: 3/3 levels left

rFire    . . .     SeeInvis .   a - +0 long sword (slice)
rCold    . . .     Gourm    .   (shield restricted)
rNeg     . . .     Faith    .   n - +0 plate armour
rPois    .         Spirit   .   c - +0 helmet
rElec    .         Reflect  .   (no cloak)
rCorr    .         Harm     .   h - +0 pair of gloves
MR       .....                  e - +0 pair of boots
Stlth    ..........             o - amulet of magic regeneration
Regen    0.1/turn               (no ring)
MPRegen  0.2/turn               (no ring)

@: paralysed
A: mutation resistance 1
a: no special abilities


You were on level 3 of the Dungeon.
You were hungry.

You visited 1 branch of the dungeon, and saw 3 of its levels.

You collected 93 gold pieces.

Inventory:

Hand Weapons
 a - a +0 long sword of slicing (weapon)
Missiles
 b - 45 stones (quivered)
 g - 64 sling bullets
Armour
 c - a +0 helmet (worn)
 e - a +0 pair of boots (worn)
 h - a +0 pair of gloves (worn)
 n - a +0 plate armour (worn)
Jewellery
 o - an amulet of magic regeneration (around neck)
Scrolls
 i - 2 scrolls of identify
Comestibles
 f - 3 bread rations
 j - a royal jelly
 k - 2 meat rations


   Skills:
 - Level 2.0 Fighting
 + Level 5.0 Long Blades
 - Level 2.0 Throwing
 - Level 3.2 Dodging


You had 3 spell levels left.
You didn't know any spells.

Dungeon Overview and Level Annotations

Branches:
Dungeon (3/15)

Altars:

Annotations:
D:3 Grinder


Innate Abilities, Weirdness & Mutations

You are small and have problems with some larger weapons.
You are somewhat resistant to further mutation.


Message History

Grinder barely misses you.
You riposte.
You hit Grinder.
Grinder is severely wounded.
You closely miss Grinder.
Grinder is severely wounded.
Grinder hits you.
You writhe in agony.
You completely miss Grinder.
Grinder is severely wounded.
Grinder hits you but does no damage. Grinder gestures at you.
Pain shoots through your body!
You barely miss Grinder.
Grinder is severely wounded.
Grinder gestures at you.
You suddenly lose the ability to move!
Grinder gestures at you.
You shrug off the repeated paralysis!
Grinder hits you.
* * * LOW HITPOINT WARNING * * *
You writhe in agony.
You die...

#......†..........#......
#......#..###.#.#.#......
#.................#......
#...........#.#...#......
#.#.......#.#.#...#......
#<..................'......
#............#.#.....#......
#.##.#.###5.................
.........(..@.........###.#..
#.....#..##.(.#.##....###.#..
..#..#.. #.#.#...........#..
..#..#..##.#...##<.......##.
#..#..##.#...##...........
..#..##.#...##....#...##.
......................##.
............##...........
..#..##.#................


You could see Grinder.

Vanquished Creatures
  3 adders
  An ooze (D:1)
  4 dart slugs
  4 bats
  2 giant cockroaches (D:1)
  2 goblins (D:1)
  6 hobgoblins (D:1)
  8 kobolds
  A quokka (D:2)
  A ball python (D:1)
  3 frilled lizards
  7 rats
42 creatures vanquished.

Notes
Turn   | Place    | Note
-------+----------+-------------------------------------------
     0 | D:1      | Rrauwl the Halfling Gladiator began the quest for the Orb.
     0 | D:1      | Reached XP level 1. HP: 14/14 MP: 1/1
    86 | D:1      | Reached XP level 2. HP: 15/19 MP: 2/2
   367 | D:1      | Reached XP level 3. HP: 23/24 MP: 3/3
   392 | D:1      | Reached skill level 4 in Long Blades
   871 | D:2      | Reached XP level 4. HP: 26/29 MP: 4/4
  2549 | D:3      | Noticed Grinder
  2552 | D:3      | Reached skill level 5 in Long Blades
  2561 | D:3      | Paralysed by Grinder for 6 turns
  2615 | D:3      | Paralysed by Grinder for 7 turns
  2617 | D:3      | Slain by Grinder

Skill      XL: |  1  2  3  4 |
---------------+-------------+-----
Fighting       | 2 |  2.0
Long Blades    | 4 5 |  5.0
Throwing       | |  2.0
Dodging        | |  3.2

Action                   |  1- 3 |  4- 6 || total
-------------------------+-------+-------++-------
Melee: Long sword        |    91 |    44 ||   135
Throw: Throwing net      |       |     9 ||     9
  Use: Potion            |     4 |     3 ||     7
       Scroll            |       |     3 ||     3
 Stab: Held in net/web   |       |     1 ||     1
  Eat: Chunk             |       |     4 ||     4
       Fruit             |       |     1 ||     1
Armor: Leather armour    |    21 |       ||    21
       Plate armour      |       |    32 ||    32
Dodge: Dodged            |    72 |    11 ||    83
       Rpst.: Long sword |    24 |     2 ||    26
